 Dungeon Crawl Stone Soup version 0.29-a0-541-gaf1fc19f1b (webtiles) character file.

Game seed: 15188441058011580626

37982 freelancePsychic the Geomancer (level 14, -4/103 HPs)
             Began as a Formicid Earth Elementalist on June 2, 2022.
             Was a High Priest of Hepliaklqana.
             Slain by an eight-headed hydra (7 damage)
             ... on level 6 of the Lair of Beasts on June 3, 2022.
             The game lasted 00:48:05 (20082 turns).

freelancePsychic the Geomancer (FoEE)              Turns: 20082, Time: 00:48:05

Health: -4/103     AC: 13    Str: 17    XL:     14   Next: 31%
Magic:  28/36      EV: 11    Int: 23    God:    Hepliaklqana [*****.]
Gold:   1420       SH:  0    Dex: 11    Spells: 22/31 levels left

rFire   . . .      SeeInvis +   I - staff of earth
rCold   + . .      Faith    .   W - orb {light}
rNeg    + . .      Spirit   .   L - +3 ring mail "Piarot Bei" {rElec rC+}
rPois   .          Reflect  .   (helmet unavailable)
rElec   +          Harm     .   O - +0 cloak
rCorr   +          Rampage  .   F - +1 pair of gloves
Will    +....                   p - +0 pair of boots
Stlth   +.........              g - amulet of magic regeneration
HPRegen 0.27/turn               D - ring of magical power
MPRegen 0.65/turn               j - ring of Wogyeth {rN+ rCorr Str+3 Int+4}

@: glowing
A: reduced essence, permanent stasis, dig shafts and tunnels, antennae 3, four
strong arms
a: Dig, Shaft Self, Renounce Religion, Recall Ancestor, Ancestor Identity,
Transference, Idealise


You were on level 6 of the Lair of Beasts.
You worshipped Hepliaklqana.
Hepliaklqana was extremely pleased with you.
You visited 3 branches of the dungeon, and saw 18 of its levels.
You also visited: Sewer, Ice Cave and Volcano.

You collected 1842 gold pieces.
You spent 422 gold pieces at shops.

Inventory:

Hand Weapons
 d - a +0 dagger of electrocution
 h - a +4 demon trident of freezing
Missiles
 a - 412 stones
 A - 4 throwing nets
Armour
 p - a +0 pair of boots (worn)
 F - a +1 pair of gloves (worn)
 L - the +3 ring mail "Piarot Bei" (worn) {rElec rC+}
   (You found it on level 9 of the Dungeon)

   rC:        It protects you from cold.
   rElec:     It insulates you from electricity.
 O - a +0 cloak (worn)
 W - an orb of light (worn)
Magical Staves
 y - a staff of air
 I - a staff of earth (weapon)
Jewellery
 b - a ring of ice
 f - a +4 ring of evasion
 g - an amulet of magic regeneration (around neck)
 j - the ring of Wogyeth (right hand) {rN+ rCorr Str+3 Int+4}
   (You found it on level 3 of the Lair of Beasts)

   [ring of resist corrosion]

   Str:       It affects your strength (+3).
   Int:       It affects your intelligence (+4).
   rN:        It protects you from negative energy.
   rCorr:     It protects you from acid and corrosion.
 C - a +6 ring of intelligence
 D - a ring of magical power (left hand)
 H - a ring of fire
 J - a +4 ring of slaying
 X - a +4 ring of slaying
Wands
 l - a wand of mindburst (3)
 m - a wand of flame (68)
 q - a wand of iceblast (5)
 s - a wand of acid (3)
 z - a wand of charming (6)
 M - a wand of polymorph (8)
 Q - a wand of digging (7)
Scrolls
 e - 4 scrolls of amnesia
 i - 3 scrolls of enchant armour
 u - 3 scrolls of blinking
 x - a scroll of enchant weapon
 G - 2 scrolls of fog
 P - a scroll of brand weapon
 R - a scroll of acquirement
 T - a scroll of magic mapping {unknown}
 U - a scroll of poison {unknown}
 Y - a scroll of immolation
Potions
 c - a potion of invisibility
 k - 9 potions of curing {@q1}
 n - 6 potions of flight
 o - 4 potions of mutation
 r - a potion of attraction
 t - 3 potions of brilliance {unknown}
 v - 4 potions of resistance
 B - 2 potions of cancellation
 E - a potion of heal wounds {@q2}
 K - a potion of ambrosia
 N - 4 potions of might
 S - a potion of berserk rage {unknown}
 V - 3 potions of degeneration {unknown}


   Skills:
 - Level 12.3 Fighting
 - Level 5.0 Armour
 - Level 1.7 Dodging
 - Level 8.0 Stealth
 - Level 9.0 Spellcasting
 - Level 7.9 Conjurations
 - Level 6.7 Necromancy
 + Level 2.1 Transmutations
 - Level 13.8 Earth Magic
 + Level 2.0 Poison Magic
 - Level 9.4 Invocations
 - Level 1.4 Evocations


You had 22 spell levels left.
You knew the following spells:

 Your Spells              Type           Power      Damage    Failure   Level
a - Sandblast             Erth           100%       2d20      1%          1
b - Stone Arrow           Conj/Erth      100%       3d13      1%          3
c - Borgnjor's Vile Clut  Necr/Erth      36%        N/A       4%          5

Your spell library contained the following spells:

 Spells                   Type           Power      Damage    Failure   Level
 Magic Dart               Conj           100%       1d8       1%          1
 Passwall                 Tmut/Erth      52%        N/A       1%          2
 Sublimation of Blood     Necr           41%        N/A       1%          2
 Static Discharge         Conj/Air       28%        N/A       3%          2
 Petrify                  Tmut/Erth      63%        N/A       4%          4
 Animate Armour           Summ/Erth      100%       N/A       6%          4
 Wereblood                Tmut           20%        N/A       7%          2
 Mephitic Cloud           Conj/Pois/Air  25%        N/A       9%          3
 Spider Form              Tmut/Pois      20%        N/A       14%         3
 Ensorcelled Hibernation  Hex/Ice        20%        N/A       16%         2
 Ignite Poison            Fire/Tmut/Pois 16%        N/A       19%         3
 Iskenderun's Mystic Bla  Conj/Tloc      28%        2d7       22%         4
 Anguish                  Hex/Necr       12%        N/A       26%         4
 Ozocubu's Armour         Ice            10%        N/A       32%         3
 Portal Projectile        Hex/Tloc       20%        N/A       32%         3
 Tukima's Dance           Hex            10%        N/A       32%         3
 Lightning Bolt           Conj/Air       14%        1d27      52%         5
 Passage of Golubria      Tloc           10%        N/A       71%         4
 Freezing Cloud           Conj/Ice/Air   11%        6-21      71%         5
 Alistair's Intoxication  Tmut/Pois      13%        N/A       77%         5
 Blade Hands              Tmut           10%        N/A       77%         5
 Yara's Violent Unravell  Hex/Tmut       7%         3d5       89%         5
 Metabolic Englaciation   Hex/Ice        5%         N/A       96%         5
 Starburst                Conj/Fire      14%        6d6       97%         6
 Simulacrum               Ice/Necr       12%        N/A       99%         6
 Eringya's Noxious Bog    Tmut/Pois      10%        N/A       100%        6
 Summon Hydra             Summ           5%         N/A       100%        7
 Lehudib's Crystal Spear  Conj/Erth      37%        10d9      100%        8
 Maxwell's Capacitive Co  Air            5%         ∞         100%        8


Dungeon Overview and Level Annotations

Branches:
Dungeon (11/15)            Temple (1/1) D:4            Lair (6/6) D:10
  Swamp (0/4) Lair:4       Spider (0/4) Lair:2          Orc (0/2) D:9
  Sewer (visited)           IceCv (visited)         Volcano (visited)
  Slime: Lair:5-6

Altars:
Ashenzari
Cheibriados
Dithmenos
Elyvilon
Fedhas
Gozag
Hepliaklqana
Kikubaaqudgha
Makhleb
Nemelex Xobeh
Okawaru
Qazlal
Ru
Sif Muna
Trog
Uskayaw
Vehumet
Wu Jian
Xom
Yredelemnul
Zin
The Shining One
Beogh

Shops:
D:7 (   D:8 *

Portals:
Abyss: Lair:2

Annotations:
D:3 exclusions: orc, orc priest and 3 sensed monsters (detected)
D:4 exclusion: sensed monster (detected), Dowan, Duvessa
Lair:2 2 transporters, Gyitair's ghost, journeyman DDFi


Innate Abilities, Weirdness & Mutations

Your life essence is reduced to manifest your ancestor. (-10% HP)
You cannot be hasted, slowed, berserked, paralysed or teleported.
You can dig through walls and to a lower floor.
You have a pair of large antennae on your head. (SInv)
Your four strong arms can wield two-handed weapons with a shield.


Message History

The eight-headed hydra bites you but does no damage.
The eight-headed hydra bites you! The eight-headed hydra bites you.
The eight-headed hydra bites you!
* * * LOW HITPOINT WARNING * * *
The eight-headed hydra closely misses you.
The eight-headed hydra bites you.
* * * LOW HITPOINT WARNING * * *
The eight-headed hydra bites you!
* * * LOW HITPOINT WARNING * * *
Aunt Hill barely misses the eight-headed hydra.
Okay, then.
You feel much better.
The eight-headed hydra bites you but does no damage. x2
The eight-headed hydra bites you!
The eight-headed hydra barely misses you.
The eight-headed hydra bites you but does no damage.
The eight-headed hydra bites you.
* * * LOW HITPOINT WARNING * * *
The eight-headed hydra barely misses you.
The eight-headed hydra bites you but does no damage.
Aunt Hill barely misses the eight-headed hydra.
Casting: Borgnjor's Vile Clutch (dangerous; 4% risk of failure)
Confirm with . or Enter, or press ? or * to list all spells.
Aiming: Borgnjor's Vile Clutch (dangerous; 4% risk of failure)
Press: ? - help, Shift-Dir - straight line, f/p - eight-headed hydra
Aim: an eight-headed hydra (heavily wounded, ally target, haloed, 100% to hit)
You feel a surge of power!
Zombie hands grab the eight-headed hydra.
The zombie hands constrict the eight-headed hydra!
The eight-headed hydra bites you!
* * * LOW HITPOINT WARNING * * *
The eight-headed hydra closely misses you.
The eight-headed hydra bites you!
* * * LOW HITPOINT WARNING * * *
The eight-headed hydra bites you but does no damage. x2
The eight-headed hydra bites you!
* * * LOW HITPOINT WARNING * * *
The eight-headed hydra closely misses you.
The eight-headed hydra bites you!
You die...

...........#...#
....#...†.<.....#
..........†......P
.......##.........
..#.... #..#......
#.....##.......P#
#PP.......#......
#....F.hR.# .....
.#....@D..# #.... . ...
.........(.P.#..P. .#...
...............P.P##....
.........######.P..#...
........## #...#..##
$...###.# #..S..... ....
#.# { #........ ... P.#
#....<... #....†..#


You could see the friendly Aunt Hill the knight, an eight-headed hydra
(clutched, ally target), a cane toad and a wolf.

Vanquished Creatures
  A white draconian (IceCv)
  2 hydras
  A two-headed ogre (D:8)
  A catoblepas (Lair:3)
  Nergalle (Lair:3)
  A fire crab (Lair:5)
  A lindwurm (Volcano)
  A manticore (D:11)
  9 elephants
  2 toenail golems (Volcano)
  An ice statue (IceCv)
  3 molten gargoyles (Volcano)
  5 black mambas
  6 cane toads
  2 rime drakes (IceCv)
  2 komodo dragons
  2 efreet (Volcano)
  2 hornets
  A troll (D:11)
  Prince Ribbit (D:5)
  12 blink frogs
  5 dream sheep (Lair:5)
  3 jumping spiders (Lair:2)
  2 culicivoras (Lair:2)
  3 wyverns
  2 wraiths
  A basilisk (Lair:5)
  A fire elemental (Volcano)
  8 yaks
  2 steam dragons
  3 vampire mosquitoes (D:10)
  Menkaure (D:5)
  6 water moccasins
  An ice beast (D:5)
  2 sky beasts (D:6)
  4 orc warriors
  3 black bears
  2 ogres (D:5)
  9 wolves
  2 centaurs
  A phantom (D:5)
  A kobold brigand (D:11)
  15 bullfrogs
  An earth elemental (Volcano)
  2 scorpions
  18 wights
  7 killer bees
  3 lindwurm simulacra (IceCv)
  2 electric eels (Lair:3)
  3 howler monkeys (D:8)
  3 jellies
  6 komodo dragon simulacra (IceCv)
  5 hounds
  5 orc priests
  A gnoll shaman (D:4)
  Ijyb (D:5)
  Jessica (D:3)
  3 iguanas
  5 orc wizards
  A merfolk siren (Sewer)
  A merfolk avatar (Sewer)
  4 acid dragon simulacra (IceCv)
  12 adders
  9 gnolls
  5 river rats
  3 shadow imps
  3 ufetubi
  3 steam dragon simulacra (IceCv)
  2 worms
  A dart slug (D:4)
  30 orcs
  2 endoplasms
  6 giant cockroaches
  9 goblins
  10 hobgoblins
  16 kobolds
  10 quokkas
  10 ball pythons
  2 bats (D:1)
  4 frilled lizards
  21 rats
  A fire vortex (Volcano)
365 creatures vanquished.

Vanquished Creatures (collateral kills)
  A lindwurm (Volcano)
  An ugly thing (D:11)
  4 elephants
  2 black mambas
  An ice statue (IceCv)
  2 cane toads
  2 rime drakes
  2 komodo dragons
  A hornet (Lair:5)
  A dream sheep (Lair:5)
  3 blink frogs
  2 culicivoras (Lair:2)
  3 yaks
  A wraith (D:11)
  A wyvern (Lair:3)
  2 basilisks
  2 steam dragons
  A fire elemental (Volcano)
  A redback (Lair:2)
  Edmund (D:5)
  2 water moccasins
  2 orc warriors (D:9)
  A centaur (D:7)
  A wolf (Lair:2)
  2 kobold brigands
  A bullfrog (Lair:2)
  A necrophage (D:7)
  3 wights
  A lindwurm simulacrum (IceCv)
  A howler monkey (D:8)
  An orc priest (D:9)
  A gnoll shaman (D:9)
  A hound (D:5)
  An orc wizard (D:9)
  A gnoll (D:7)
  3 acid dragon simulacra (IceCv)
  A steam dragon simulacrum (IceCv)
  An ufetubus (D:5)
  7 orcs
  A ball python (Sewer)
  A quokka (Sewer)
  3 training dummies (D:7)
  A frilled lizard (Sewer)
  2 kobolds
  9 rats
83 creatures vanquished.

Vanquished Creatures (others)
  A rime drake (IceCv)
  7 knights
  A bush (Lair:3)
  18 fungi
  21 plants
48 creatures vanquished.

Grand Total: 496 creatures vanquished

Notes
Turn   | Place    | Note
-------+----------+-------------------------------------------
     0 | D:1      | freelancePsychic the Formicid Earth Elementalist began the
                  | quest for the Orb.
     0 | D:1      | Reached XP level 1. HP: 13/13 MP: 3/3
   292 | D:1      | Reached XP level 2. HP: 14/20 MP: 0/5
   734 | D:1      | Reached skill level 4 in Earth Magic
   741 | D:1      | Reached skill level 1 in Conjurations
   878 | D:1      | Reached XP level 3. HP: 21/25 MP: 6/6
  1045 | D:1      | Learned a level 3 spell: Stone Arrow
  1885 | D:2      | Reached XP level 4. HP: 27/31 MP: 3/7
  2325 | D:3      | Noticed Jessica
  2326 | D:3      | Killed Jessica
  2327 | D:3      | Reached skill level 5 in Earth Magic
  2327 | D:3      | Reached XP level 5. HP: 36/36 MP: 6/8
  3404 | D:4      | Found a staircase to the Ecumenical Temple.
  3416 | Temple   | Entered the Ecumenical Temple
  3421 | Temple   | Reached skill level 1 in Fighting
  3421 | Temple   | Reached XP level 6. HP: 31/43 MP: 6/9
  3583 | Temple   | Became a worshipper of Hepliaklqana the Forgotten
  3681 | D:4      | Noticed a black bear
  3786 | D:4      | Reached skill level 6 in Earth Magic
  3833 | D:4      | Noticed Duvessa
  3883 | D:4      | Killed a black bear
  3993 | D:4      | Reached XP level 7. HP: 50/50 MP: 7/11
  4598 | D:4      | Noticed Dowan
  4645 | D:5      | Entered Level 5 of the Dungeon
  4685 | D:5      | Noticed Edmund
  4700 | D:5      | Reached XP level 8. HP: 59/60 MP: 7/13
  4753 | D:5      | Reached * piety under Hepliaklqana
  4782 | D:5      | Noticed Menkaure
  4784 | D:5      | Killed Menkaure
  4972 | D:5      | Noticed Ijyb
  4982 | D:5      | Killed Ijyb
  5122 | D:5      | Noticed a wraith
  5191 | D:5      | Killed a wraith
  5192 | D:5      | Reached skill level 5 in Fighting
  5192 | D:5      | Reached skill level 5 in Spellcasting
  5192 | D:5      | Reached skill level 7 in Earth Magic
  5291 | D:5      | Killed Edmund
  5381 | D:5      | Noticed Prince Ribbit
  5391 | D:5      | Killed Prince Ribbit
  5392 | D:5      | Reached XP level 9. HP: 47/61 MP: 4/16
  5494 | D:5      | Reached skill level 5 in Conjurations
  5585 | D:6      | Found a shimmering blue altar of Sif Muna.
  5590 | D:6      | Reached skill level 5 in Stealth
  5748 | D:6      | Found a glowing drain.
  5757 | Sewer    | Entered a sewer
  6526 | D:6      | Reached ** piety under Hepliaklqana
  6527 | D:6      | Remembered your ancestor Aunt Hill as a knight
  6574 | D:6      | Reached skill level 8 in Earth Magic
  6760 | D:6      | Found an ancient bone altar of Kikubaaqudgha.
  6769 | D:6      | Found a basalt altar of Yredelemnul.
  6769 | D:6      | Found a broken altar of Ashenzari.
  6770 | D:6      | Found a radiant altar of Vehumet.
  6775 | D:6      | Found a shadowy altar of Dithmenos.
  6997 | D:6      | Found a stormy altar of Qazlal.
  6999 | D:6      | Found an ornate altar of the Wu Jian Council.
  7388 | D:7      | Reached XP level 10. HP: 69/69 MP: 11/17
  7549 | D:7      | Found Comagh's Firing Range.
  8037 | D:7      | Reached skill level 9 in Earth Magic
  8644 | D:8      | Found a glowing silver altar of Zin.
  8716 | D:8      | Found Ysalen's Assorted Antiques.
  8722 | D:8      | Bought a twisted robe for 182 gold pieces
  8722 | D:8      | Identified the +0 robe "Jeecuxouk" {Contam Drain Fly
                  | Will+++} (You bought it in a shop on level 8 of the
                  | Dungeon)
  8723 | D:8      | Bought a pair of runed gloves for 240 gold pieces
  8806 | D:8      | Noticed a two-headed ogre
  8812 | D:8      | Killed a two-headed ogre
  8877 | D:8      | Reached *** piety under Hepliaklqana
  9299 | D:9      | Found a staircase to the Orcish Mines.
  9304 | D:9      | Reached skill level 10 in Earth Magic
  9454 | D:9      | Reached XP level 11. HP: 39/78 MP: 18/18
  9944 | D:9      | Identified the +3 ring mail "Piarot Bei" {rElec rC+}
 10096 | D:9      | Found an iron altar of Okawaru.
 10265 | D:9      | Reached skill level 1 in Invocations
 10311 | D:10     | Entered Level 10 of the Dungeon
 10354 | D:10     | Reached skill level 1 in Armour
 10381 | D:10     | Found a staircase to the Lair.
 11080 | D:11     | Identified the +4 long sword "Wefiroloa" {antimagic, Dex+4}
 11205 | D:11     | Reached **** piety under Hepliaklqana
 11222 | D:11     | Noticed a seven-headed hydra
 11501 | D:11     | Killed a seven-headed hydra
 11630 | D:11     | Noticed a manticore
 11636 | D:11     | Killed a manticore
 11754 | D:11     | Reached skill level 5 in Invocations
 12129 | D:11     | Noticed a brown ugly thing
 12133 | D:11     | Killed a brown ugly thing
 12204 | Lair:1   | Entered Level 1 of the Lair of Beasts
 12229 | Lair:1   | Reached skill level 10 in Fighting
 12271 | Lair:1   | Found a frozen archway.
 12284 | IceCv    | Entered an ice cave
 12346 | IceCv    | Reached skill level 5 in Armour
 12406 | IceCv    | Identified the +1 robe "Myminuxe" {rC+}
 12711 | IceCv    | Reached XP level 12. HP: 55/88 MP: 15/19
 12963 | IceCv    | Noticed a white draconian
 12973 | IceCv    | Killed a white draconian
 13560 | Lair:1   | Identified the +2 ring mail of the Lute {Int+3 Slay-4}
 13920 | Lair:2   | Found a hole to the Spider Nest.
 14177 | Lair:2   | Reached skill level 11 in Earth Magic
 14456 | Lair:2   | Noticed a rakshasa
 14585 | Lair:2   | Noticed a thrashing horror
 14956 | Lair:2   | Found a transporter.
 14984 | Lair:2   | Found a one-way gate to the infinite horrors of the Abyss.
 14985 | Lair:2   | Found a transporter.
 15012 | Lair:2   | Noticed a cyan very ugly thing
 15019 | Lair:2   | Noticed Gyitair's ghost (journeyman DDFi)
 15110 | Lair:3   | Reached XP level 13. HP: 97/97 MP: 16/20
 15246 | Lair:3   | Reached skill level 12 in Earth Magic
 15250 | Lair:3   | Reached skill level 1 in Evocations
 15266 | Lair:3   | Noticed Nergalle
 15283 | Lair:3   | Noticed a catoblepas
 15600 | Lair:3   | Found a dark tunnel.
 15605 | Lair:3   | Identified the ring of Wogyeth {rN+ rCorr Str+3 Int+4}
 15621 | Volcano  | Entered a volcano
 15637 | Volcano  | Learned a level 5 spell: Borgnjor's Vile Clutch
 15643 | Volcano  | Reached skill level 1 in Necromancy
 16322 | Lair:3   | Killed Nergalle
 16606 | Lair:3   | Got the Collected Works on the Volcanoes and Conjuration
 16798 | Lair:3   | Reached skill level 5 in Necromancy
 16929 | Lair:3   | Killed a catoblepas
 17297 | Lair:3   | Reached ***** piety under Hepliaklqana
 17887 | Lair:4   | Identified a scroll of acquirement
 17982 | Lair:4   | Found a staircase to the Swamp.
 18599 | Lair:5   | Noticed a five-headed hydra
 18604 | Lair:5   | Killed a five-headed hydra
 18713 | Lair:5   | Reached skill level 13 in Earth Magic
 18713 | Lair:5   | Reached XP level 14. HP: 96/103 MP: 20/26
 19938 | Lair:6   | Entered Level 6 of the Lair of Beasts
 19946 | Lair:6   | Reached skill level 1 in Poison Magic
 20082 | Lair:6   | HP: 3/103 [eight-headed hydra (7)]
 20082 | Lair:6   | Slain by an eight-headed hydra

Illustrated notes

Levels and vault maps discovered:
D:1:      lightli_arrival_maybe_door_vault, layout_loops_cross
D:2:      layout_basic, serial_shops, nicolae_shop_stone,
          shapermc_ecumenical_altar_pompeii
D:3:      layout_loops_cross, uniq_jessica
D:4:      minmay_diamond_boxcup, layout_cave_pools,
          minmay_temple_entry_mini_moons, uniq_duvessa
D:5:      layout_rooms, st_stairs_6, uniq_menkaure, uniq_prince_ribbit1,
          uniq_edmund, uniq_ijyb
D:6:      layout_cave_pods, minitemple, nicolae_sif_muna_condensation,
          mainiacjoe_overflow_catwalk_spiral, portal_sewer_entry_b
D:7:      layout_loops_ring, chequers_serial_rivers_small_b,
          nicolae_shop_firing_range
D:8:      layout_rooms, mainiacjoe_overflow_catwalk, serial_shops, shop,
          kennysheep_generic_room_2
D:9:      layout_rooms, general_overflow_altar, david_orc_5
D:10:     layout_basic, lair_entry_dummy, glass_columns_b
D:11:     layout_basic
Temple:   nicolae_temple_x_marks_the_god
Lair:1:   layout_long_grid, portal_ice_cave_entry_pillars_2,
          infiniplex_staircase_pool_2
Lair:2:   layout_misc_corridors, nicolae_spider_entry_tight_spaces,
          gammafunk_ghost_abyssal_escape
Lair:3:   nzn_winding_woodlands_small [nzn_winding_woodlands_5x15_eye,
          nzn_winding_woodlands_center_triple_pond,
          nzn_winding_woodlands_5x15_pool], layout_loops_ring,
          nicolae_volcano_entry_lava_flow, dpeg_stationary_puzzle, uniq_nergalle
Lair:4:   layout_loops_ring, swamp_mist, st_stairs_3, wad_woods_river_01
Lair:5:   layout_loops_ring, grunt_forest_small_clearing_treed,
          grunt_megastairs_4, serial_bayou_shore_b, lemuel_fruit_tree
Lair:6:   grunt_lair_end_beastmaster, layout_misc_corridors,
          dpeg_slime_entry_enclosed_altar, nicolae_lair_yak_garden, uniq_kirke

Skill      XL: |  1  2  3  4  5  6  7  8  9 10 11 12 13 14 |
---------------+-------------------------------------------+-----
Earth Magic    | 4 5 6 7 8 10 11 13 | 13.8
Conjurations   | 1 2 3 4 5 7 |  7.9
Fighting       | 1 2 3 5 6 8 10 12 | 12.3
Spellcasting   | 3 5 8 9 |  9.0
Stealth        | 4 7 8 |  8.0
Invocations    | 6 9 |  9.4
Armour         | 5 |  5.0
Evocations     | 1 |  1.4
Necromancy     | 6 |  6.7
Poison Magic   | 2 |  2.0
Transmutations | 2 |  2.1
Dodging        | |  1.7

Action                   |  1- 3 |  4- 6 |  7- 9 | 10-12 | 13-15 || total
-------------------------+-------+-------+-------+-------+-------++-------
Melee: Dagger            |    56 |    77 |    63 |     9 |       ||   205
       Punch             |     1 |     3 |       |     1 |       ||     5
       Staff             |       |       |       |    13 |    26 ||    39
 Cast: Sandblast         |    36 |    21 |    13 |    25 |       ||    95
       Stone Arrow       |       |    17 |   109 |   265 |   104 ||   495
       Borgnjor's Vile C |       |       |       |       |    55 ||    55
Invok: Recall Ancestor   |       |       |     3 |     2 |     3 ||     8
       Ancestor Identity |       |       |     2 |       |       ||     2
       Ancestor Life: Kn |       |       |     1 |       |       ||     1
       Idealise          |       |       |       |     2 |     1 ||     3
 Abil: Dig               |       |       |       |       |     1 ||     1
Evoke: Wand              |       |       |     9 |     8 |       ||    17
  Use: Potion            |     3 |     1 |       |     3 |     4 ||    11
       Scroll            |     6 |     3 |     4 |    14 |     6 ||    33
 Stab: Sleeping          |     8 |     1 |     7 |     3 |       ||    19
Armor: Robe              |    13 |    23 |    60 |     6 |       ||   102
       Ring mail         |       |       |       |    28 |    59 ||    87
       Skin              |       |       |       |     8 |       ||     8
Dodge: Dodged            |    34 |    55 |    95 |    55 |    58 ||   297

Table legend: (Time is in decaauts)
 A = Elapsed time spent in this place.
 B = Non-inter-level travel time spent in this place.
 C = Inter-level travel time spent in this place.
 D = Time resting spent in this place.
 E = Time spent auto-exploring this place.
 F = Levels seen in this place.
 G = Mean time per level.
                   A        B        C        D        E       F      G
               +--------+--------+--------+--------+--------+-----+--------+
         Total |  20160 |  19552 |    608 |   1823 |  14435 |  21 |  960.0 |
       Dungeon |  11414 |  11056 |    358 |    781 |   8505 |  11 | 1037.6 |
        Temple |    177 |    167 |     10 |      0 |    140 |   1 |  177.0 |
          Lair |   6345 |   6105 |    240 |    938 |   4258 |   6 | 1057.5 |
         Sewer |    658 |    658 |      0 |      0 |    427 |   1 |  658.0 |
      Ice Cave |    866 |    866 |      0 |      0 |    658 |   1 |  866.0 |
       Volcano |    697 |    697 |      0 |    104 |    446 |   1 |  697.0 |
               +--------+--------+--------+--------+--------+-----+--------+

Top non-repeatable levels by time:
  Lair:2: 1628 daAuts
  Lair:4: 1411 daAuts
     D:7: 1390 daAuts
     D:1: 1290 daAuts
  Lair:5: 1250 daAuts
     D:4: 1244 daAuts
  Lair:3: 1220 daAuts
    D:11: 1158 daAuts
     D:5: 1056 daAuts
     D:6: 1044 daAuts
     D:2: 1023 daAuts
     D:3: 938 daAuts
     D:8: 885 daAuts
   IceCv: 866 daAuts
  Lair:1: 806 daAuts
